 Dungeon Crawl Stone Soup version 0.19-a0-712-g899c6ed (webtiles) character file.

88 TheGoonsmith the Conjurer (level 4, 0/33 HPs)
             Began as a Draconian Conjurer on June 20, 2016.
             Slain by Ijyb
             ... wielding a +5 club
              (5 damage)
             ... on level 3 of the Dungeon.
             The game lasted 00:02:59 (1790 turns).

TheGoonsmith the Conjurer (Draconian Conjurer)      Turns: 1790, Time: 00:03:00

Health: 0/33       AC:  5    Str: 11    XL:     4   Next: 29%
Magic:  8/8        EV:  7    Int: 16    God:
Gold:   122        SH:  0    Dex: 11    Spells: 2 memorised, 6 levels left

rFire  . . .     SeeInvis .     h - +1 spear (pierce)
rCold  . . .     Gourm    .     (armour unavailable)
rNeg   . . .     Faith    .     (no shield)
rPois  .         Spirit   .     (helmet restricted)
rElec  .         Dismiss  .     (no cloak)
rCorr  .         Reflect  .     (no gloves)
SustAt .         Harm     .     (no boots)
MR     .....                    (no amulet)
Stlth  ++........               (no ring)
                                (no ring)

@: slowed, very slow, not resistant to hostile enchantments, unstealthy
A: unfitting armour, cold-blooded, AC +5
a: no special abilities


You were on level 3 of the Dungeon.
You were not hungry.

You visited 1 branch of the dungeon, and saw 3 of its levels.

You collected 122 gold pieces.

Inventory:

Hand Weapons
 c - a +0 club
 h - a +1 spear of piercing (weapon)
Scrolls
 e - a scroll of recharging {unknown}
 f - a scroll of remove curse {unknown}
 i - a scroll of amnesia {unknown}
 j - 3 scrolls of identify {unknown}
 l - a scroll of magic mapping {unknown}
 n - a scroll of enchant weapon {unknown}
 o - a scroll of immolation {unknown}
 p - a scroll of teleportation {unknown}
 q - a scroll of fog {unknown}
Potions
 d - 4 potions of curing
 g - a potion of invisibility {unknown}
Books
 a - a book of Conjurations

   Spells                             Type                      Level
   a - Magic Dart                     Conjuration                  1
   b - Searing Ray                    Conjuration                  2
   c - Dazzling Spray                 Conjuration/Hexes            3
   d - Fulminant Prism                Conjuration/Hexes            4
   e - Iskenderun's Mystic Blast      Conjuration                  4
   f - Iskenderun's Battlesphere      Conjuration/Charms           5
Comestibles
 b - 3 bread rations
 k - a meat ration
 m - a beef jerky
 r - a chunk of flesh


   Skills:
 - Level 1.7 Dodging
 - Level 1.7 Stealth
 + Level 3.3 Spellcasting
 * Level 5.0 Conjurations


You had 6 spell levels left.
You knew the following spells:

 Your Spells              Type           Power        Failure   Level  Hunger
a - Magic Dart            Conj           ###.         2%          1    None
b - Searing Ray           Conj           ###...       4%          2    ##.....


Dungeon Overview and Level Annotations

Branches:
Dungeon (3/15)

Altars:
Fedhas

Annotations:
D:3 Ijyb, Natasha


Innate Abilities, Weirdness & Mutations

Your plain brown scales are hard. (AC +5)
Your body does not fit into most forms of armour.
You are cold-blooded and may be slowed by cold attacks.


Message History

In your confused state, you trip and fall back down the stairs.
Ijyb zaps a wand.
You resist with some effort.
Ijyb screams, "Get away!"
Ijyb closely misses you.
Natasha wildly gestures.
You feel disoriented.
Ijyb zaps a wand.
You resist with some effort.
In your confused state, you trip and fall back down the stairs.
* * * LOW HITPOINT WARNING * * *
Ijyb closely misses you. Ijyb barely misses you.
Ijyb hits you with an enchanted club.
* * * LOW HITPOINT WARNING * * *
In your confused state, you trip and fall back down the stairs.
* * * LOW HITPOINT WARNING * * *
You feel less confused. Ijyb misses you.
Natasha mumbles some strange words.
Okay, then.
Ijyb hits you with an enchanted club.
You die...

#..#####.# #........#
#.######## #########.# #
......##.# #. ....##.#
#.. ####..##.##
###...#.gh......##
#......@##.......####
........##..#.......#
#.......##..#...###.####
###...(.....#...........
##...#######..####.###)
....# #.......# #.#.#
##...##### #.#†##
##.....## ###.#..##
##.......##


You could see Ijyb and Natasha.

Vanquished Creatures
  Natasha (D:3)
  2 adders (D:2)
  An ooze (D:2)
  A giant gecko (D:3)
  4 ball pythons
  4 giant cockroaches
  4 goblins
  4 hobgoblins
  4 kobolds
  2 quokkas
  A bat (D:1)
  5 giant newts
  9 rats
42 creatures vanquished.

Notes
Turn   | Place    | Note
--------------------------------------------------------------
     0 | D:1      | TheGoonsmith the Draconian Conjurer began the quest for the Orb.
     0 | D:1      | Reached XP level 1. HP: 14/14 MP: 3/3
   209 | D:1      | Reached XP level 2. HP: 20/20 MP: 1/5
   275 | D:1      | Learned a level 2 spell: Searing Ray
   944 | D:2      | Reached XP level 3. HP: 26/26 MP: 4/7
  1540 | D:3      | Found a blossoming altar of Fedhas.
  1619 | D:3      | Noticed Natasha
  1626 | D:3      | Killed Natasha
  1626 | D:3      | Reached skill level 5 in Conjurations
  1626 | D:3      | Reached XP level 4. HP: 26/33 MP: 0/8
  1738 | D:3      | Noticed Ijyb
  1755 | D:3      | Noticed Natasha
  1790 | D:3      | Slain by Ijyb

Vault maps used:
D:1:      lightli_arrival_boilingwater
D:3:      fedhas_altar_2, uniq_iyjb, uniq_natasha

Skill      XL: |  1  2  3 |
---------------+----------+-----
Spellcasting   | 3 |  3.3
Conjurations   | 5 |  5.0
Dodging        | |  1.7
Stealth        | |  1.7

Action                   |  1- 3 |  4- 6 || total
-------------------------+-------+-------++-------
Melee: Club              |     5 |       ||     5
       Unarmed           |     4 |       ||     4
       Spear             |    10 |     1 ||    11
 Cast: Magic Dart        |    72 |     8 ||    80
       Searing Ray       |     1 |     1 ||     2
  Use: Potion            |       |     2 ||     2
  Eat: Chunk             |     2 |     1 ||     3
Armor: Skin              |     6 |     4 ||    10
Dodge: Dodged            |    24 |    12 ||    36
